 Dungeon Crawl Stone Soup version 0.21.1-1-g345015f (webtiles) character file.

247 tidbits the Insei (level 6, -3/70 HPs)
             Began as a Gnoll Transmuter on Feb 10, 2018.
             Slain by a sky beast (5 damage)
             ... on level 6 of the Dungeon.
             The game lasted 00:05:41 (587 turns).

tidbits the Insei (Gnoll Transmuter)                 Turns: 587, Time: 00:05:42

Health: -3/70      AC: 23    Str: 13    XL:     6   Next: 11%
Magic:  2/13       EV:  2    Int: 17    God:
Gold:   65         SH:  0    Dex: 15    Spells: 9/15 levels left

rFire    . . .     SeeInvis .     - Unarmed
rCold    . . .     Gourm    .   (no shield)
rNeg     + + +     Faith    .   (armour currently unavailable)
rPois    +         Spirit   .   (helmet currently unavailable)
rElec    .         Reflect  .   (cloak currently unavailable)
rCorr    .         Harm     .   (gloves currently unavailable)
MR       .....     NoTele   +   (boots currently unavailable)
Stlth    ++........             (no amulet)
HPRegen  0.21/turn              (no ring)
MPRegen  0.13/turn              (no ring)

@: tree-form, very slightly contaminated
A: distributed training, strong nose
a: no special abilities


You were on level 6 of the Dungeon.
You were not hungry.
You were a tree.
You visited 1 branch of the dungeon, and saw 6 of its levels.

You collected 65 gold pieces.

Inventory:

Hand Weapons
 f - a +0 dagger
 i - a +1 hand axe of flaming
   (You took it off an orc on level 2 of the Dungeon)
 m - a +0 war axe
Missiles
 a - 7 arrows
 h - 28 stones (quivered)
Armour
 b - a +0 robe (melded)
 k - a +0 shield
 o - a +0 ring mail
Wands
 d - a wand of digging (11)
Scrolls
 e - a scroll of noise {unknown}
 j - a scroll of remove curse {unknown}
 l - a scroll of immolation
 p - 2 scrolls of identify {unknown}
Potions
 g - a potion of lignification
Books
 c - a book of Changes

   Spells                             Type                      Level
   a - Beastly Appendage              Transmutation                1
   b - Sticks to Snakes               Transmutation                2
   c - Spider Form                    Transmutation/Poison         3
   d - Ice Form                       Ice/Transmutation            4
   e - Blade Hands                    Transmutation                5
Comestibles
 n - 5 rations


   Skills:
 + Level 3.1 Fighting
 + Level 1.8 Short Blades
 + Level 1.8 Long Blades
 + Level 1.8 Axes
 + Level 1.8 Maces & Flails
 + Level 1.8 Polearms
 + Level 1.8 Staves
 + Level 1.8 Slings
 + Level 1.8 Bows
 + Level 1.8 Crossbows
 + Level 1.8 Throwing
 + Level 1.8 Armour
 + Level 4.9 Dodging
 + Level 1.8 Stealth
 + Level 1.8 Shields
 + Level 6.8 Unarmed Combat
 + Level 5.3 Spellcasting
 + Level 1.4 Conjurations
 + Level 1.4 Hexes
 + Level 1.4 Charms
 + Level 1.4 Summonings
 + Level 1.4 Necromancy
 + Level 1.4 Translocations
 + Level 4.0 Transmutations
 + Level 1.4 Fire Magic
 + Level 1.4 Ice Magic
 + Level 1.4 Air Magic
 + Level 1.4 Earth Magic
 + Level 1.4 Poison Magic
 + Level 2.0 Invocations
 + Level 1.8 Evocations


You had 9 spell levels left.
You knew the following spells:

 Your Spells              Type           Power        Failure   Level  Hunger
e - Beastly Appendage     Tmut           ###...       2%          1    None
k - Sticks to Snakes      Tmut           ###.....     3%          2    #......
p - Spider Form           Tmut/Pois      ##........   13%         3    ##.....


Dungeon Overview and Level Annotations

Branches:
Dungeon (7/15)
 Temple: D:4-7

Altars:
Ashenzari
Elyvilon
Gozag
Kikubaaqudgha
Nemelex Xobeh
Sif Muna
Wu Jian


Innate Abilities, Weirdness & Mutations

Your experience applies equally to all skills.
((You have very sharp teeth.))
Your uncanny sense of smell can sniff out nearby items.


Message History

A sky beast and a skeleton come into view.
Casting: Sticks to Snakes
Confirm with . or Enter, or press ? or * to list all spells.
You create a snake!
You now have 7 arrows.
Casting: Sticks to Snakes
Confirm with . or Enter, or press ? or * to list all spells.
You miscast Spider Form.
You are very lightly contaminated with residual magic.
You feel mildly nauseous.
Casting: Spider Form
Confirm with . or Enter, or press ? or * to list all spells.
You miscast Spider Form.
Your hands glow momentarily.
The sky beast flickers out of sight!
The jackal skeleton barely misses you.
Casting: Spider Form
Confirm with . or Enter, or press ? or * to list all spells.
You turn into a venomous arachnid creature.
Your +0 robe melds into your body.
The centaur skeleton closely misses you.
Your ball python bites the jackal skeleton.
Your ball python grabs the jackal skeleton.
Your ball python constricts the jackal skeleton.
The jackal skeleton completely misses you.
The centaur skeleton completely misses you.
You hit the jackal skeleton.
The jackal skeleton is heavily damaged.
Your ball python bites the jackal skeleton.
Your ball python constricts the jackal skeleton.
The jackal skeleton is destroyed!
The centaur skeleton hits you!
You completely miss the centaur skeleton.
Your ball python bites the centaur skeleton.
The centaur skeleton closely misses you.
Unknown command.
You miss something.
Your ball python bites the centaur skeleton.
The centaur skeleton closely misses you.
Something hits you but does no damage.
Casting: Spider Form
Confirm with . or Enter, or press ? or * to list all spells.
You don't have enough magic to cast that spell.
Evoke which item? (* to show all) (? for menu, Esc to quit)
Okay, then.
You miss something.
Your ball python bites the centaur skeleton.
The centaur skeleton hits you!
* * * LOW HITPOINT WARNING * * *
A sky beast appears from thin air!
The sky beast hits you.
* * * LOW HITPOINT WARNING * * *
The sky beast shocks you.
* * * LOW HITPOINT WARNING * * *
Your ball python bites the centaur skeleton.
The centaur skeleton hits your ball python.
The sky beast barely misses your ball python.
The scorpion closely misses you.
The centaur skeleton barely misses your ball python.
Your ball python bites the centaur skeleton.
You bite the scorpion!
The scorpion is poisoned.
The scorpion is heavily wounded.
Your ball python bites the centaur skeleton.
The sky beast barely misses your ball python.
The centaur skeleton hits your ball python.
Your ball python dies!
You barely miss the scorpion.
The scorpion is severely wounded.
You hear the rusting of a distant drain.
The scorpion completely misses you.
You hit the scorpion.
The scorpion is severely wounded.
You kill the scorpion!
Your Invocations skill increases to level 2!
You have reached level 6!
Your experience leads to an increase in your attributes!
Your base attributes are Str 13, Int 16, Dex 15.
Increase (S)trength, (I)ntelligence, or (D)exterity?
You feel clever. The centaur skeleton misses you.
You hit the sky beast.
The sky beast is poisoned.
The sky beast is lightly wounded.
The sky beast completely misses you.
The centaur skeleton completely misses you.
You closely miss the sky beast.
The sky beast is lightly wounded.
The sky beast misses you. The centaur skeleton hits you.
* * * LOW HITPOINT WARNING * * *
You bite the sky beast!
The sky beast is heavily wounded.
The centaur skeleton hits you.
* * * LOW HITPOINT WARNING * * *
The sky beast misses you.
It was a potion of lignification.
Your transformation has ended.
Your +0 robe unmelds from your body.
You turn into a tree.
Your +0 robe melds into your body.
Your roots penetrate the ground.
The centaur skeleton hits you but does no damage.
The sky beast flickers out of sight!
Something hits you.
* * * LOW HITPOINT WARNING * * *
Something shocks you.
You die...

#....# #....# #... #....#
#... #....# #.... #....#
#.... #....# #.....
#....#
#.....####....###########
#......Z♣................
+......{†................
#.%...###################
#.... #. .... #. ... #.
.. ∆ +. . #. #.


You could see a centaur skeleton.

Vanquished Creatures
  A bullfrog (D:7)
  A scorpion (D:6)
  A crimson imp (D:5)
  A bullfrog skeleton (D:5)
  2 worker ants (D:6)
  An ooze (D:2)
  2 leopard geckos
  5 orcs
  A ball python (D:2)
  A hobgoblin (D:1)
  3 kobolds
  2 bats (D:2)
  2 goblins (D:1)
  A rat (D:1)
24 creatures vanquished.

Vanquished Creatures (collateral kills)
  A jackal skeleton (D:6)
1 creature vanquished.

Grand Total: 25 creatures vanquished

Notes
Turn   | Place    | Note
-------+----------+-------------------------------------------
     0 | D:1      | tidbits the Gnoll Transmuter began the quest for the Orb.
     0 | D:1      | Reached XP level 1. HP: 17/17 MP: 6/6
    99 | D:2      | Reached XP level 2. HP: 23/23 MP: 5/7
   103 | D:2      | Learned a level 2 spell: Sticks to Snakes
   205 | D:2      | Found a sparkling altar of Nemelex Xobeh.
   210 | D:2      | Found a shattered altar of Ashenzari.
   220 | D:2      | Found a deep blue altar of Sif Muna.
   225 | D:2      | Found a white marble altar of Elyvilon.
   233 | D:2      | Found an ornate altar of the Wu Jian Council.
   237 | D:2      | Found an opulent altar of Gozag.
   242 | D:2      | Found an ancient bone altar of Kikubaaqudgha.
   268 | D:2      | Reached XP level 3. HP: 28/28 MP: 7/9
   273 | D:2      | Learned a level 3 spell: Spider Form
   300 | D:3      | You fall through a shaft for 3 floors!
   333 | D:5      | Entered Level 5 of the Dungeon
   335 | D:5      | Reached skill level 5 in Spellcasting
   369 | D:7      | Noticed a big kobold
   370 | D:7      | Noticed a black bear
   393 | D:6      | Reached skill level 1 in Short Blades
   393 | D:6      | Reached skill level 1 in Long Blades
   393 | D:6      | Reached skill level 1 in Axes
   393 | D:6      | Reached skill level 1 in Maces & Flails
   393 | D:6      | Reached skill level 1 in Polearms
   393 | D:6      | Reached skill level 1 in Staves
   393 | D:6      | Reached skill level 1 in Slings
   393 | D:6      | Reached skill level 1 in Bows
   393 | D:6      | Reached skill level 1 in Crossbows
   393 | D:6      | Reached skill level 1 in Throwing
   393 | D:6      | Reached skill level 1 in Armour
   393 | D:6      | Reached skill level 1 in Stealth
   393 | D:6      | Reached skill level 1 in Shields
   393 | D:6      | Reached skill level 1 in Invocations
   393 | D:6      | Reached skill level 1 in Evocations
   410 | D:5      | Reached XP level 4. HP: 33/34 MP: 6/11
   444 | D:6      | Reached skill level 1 in Conjurations
   444 | D:6      | Reached skill level 1 in Hexes
   444 | D:6      | Reached skill level 1 in Charms
   444 | D:6      | Reached skill level 1 in Summonings
   444 | D:6      | Reached skill level 1 in Necromancy
   444 | D:6      | Reached skill level 1 in Translocations
   444 | D:6      | Reached skill level 1 in Fire Magic
   444 | D:6      | Reached skill level 1 in Ice Magic
   444 | D:6      | Reached skill level 1 in Air Magic
   444 | D:6      | Reached skill level 1 in Earth Magic
   444 | D:6      | Reached skill level 1 in Poison Magic
   454 | D:7      | Noticed a bullfrog
   461 | D:7      | Killed a bullfrog
   461 | D:7      | Reached skill level 3 in Fighting
   461 | D:7      | Reached skill level 4 in Transmutations
   461 | D:7      | Reached XP level 5. HP: 32/41 MP: 4/12
   571 | D:6      | Noticed a sky beast
   583 | D:6      | Reached skill level 2 in Invocations
   583 | D:6      | Reached XP level 6. HP: 13/47 MP: 2/13
   586 | D:6      | HP: 2/47 [centaur skeleton (5)]
   587 | D:6      | Slain by a sky beast

Skill      XL: |  1  2  3  4  5 |
---------------+----------------+-----
Spellcasting   | 5 |  5.3
Short Blades   | 1 |  1.8
Long Blades    | 1 |  1.8
Axes           | 1 |  1.8
Maces & Flails | 1 |  1.8
Polearms       | 1 |  1.8
Staves         | 1 |  1.8
Slings         | 1 |  1.8
Bows           | 1 |  1.8
Crossbows      | 1 |  1.8
Throwing       | 1 |  1.8
Armour         | 1 |  1.8
Stealth        | 1 |  1.8
Shields        | 1 |  1.8
Invocations    | 1 2 |  2.0
Evocations     | 1 |  1.8
Conjurations   | 1 |  1.4
Hexes          | 1 |  1.4
Charms         | 1 |  1.4
Summonings     | 1 |  1.4
Necromancy     | 1 |  1.4
Translocations | 1 |  1.4
Fire Magic     | 1 |  1.4
Ice Magic      | 1 |  1.4
Air Magic      | 1 |  1.4
Earth Magic    | 1 |  1.4
Poison Magic   | 1 |  1.4
Fighting       | 3 |  3.1
Transmutations | 4 |  4.0
Dodging        | |  4.9
Unarmed Combat | |  6.8

Action                   |  1- 3 |  4- 6 || total
-------------------------+-------+-------++-------
Melee: Unarmed           |    43 |    26 ||    69
       Headbutt          |     4 |     1 ||     5
       Kick              |     5 |       ||     5
       Bite              |     4 |     2 ||     6
       Punch             |     1 |       ||     1
 Cast: Beastly Appendage |    13 |     1 ||    14
       Sticks to Snakes  |     2 |     3 ||     5
       Spider Form       |     1 |     3 ||     4
Evoke: Wand              |     1 |     1 ||     2
  Use: Scroll            |     1 |       ||     1
       Potion            |       |     1 ||     1
Armor: Robe              |     7 |     3 ||    10
       Skin              |     1 |     2 ||     3
Dodge: Dodged            |    35 |    24 ||    59

Table legend:
 A = Turns spent in this place as a percentage of turns spent in the entire game.
 B = Non-inter-level travel turns spent in this place as a percentage of non-inter-level travel turns spent in the entire game.
 C = Inter-level travel turns spent in this place as a percentage of turns spent in this place.
 D = Turns resting spent in this place as a percentage of non-inter-level travel turns spent in this place.
 E = Turns spent auto-exploring this place as a percentage of non-inter-level travel turns spent in this place.
 F = Non-inter-level travel turns spent in this place divided by the number of levels of this place that you've seen.
                   A       B       C       D       E      F
               +-------+-------+-------+-------+-------+----------------------
         Total | 100.0 | 100.0 |   2.7 |   0.0 |   0.0 |  95.2
       Dungeon | 100.0 | 100.0 |   2.7 |   0.0 |   0.0 |  95.2
               +-------+-------+-------+-------+-------+----------------------

Table legend:
 A = Kills in this place as a percentage of kills in entire the game.
 B = Kills by you in this place as a percentage of kills by you in the entire game.
 C = Kills by friends in this place as a percentage of kills by friends in the entire game.
 D = Other kills in this place as a percentage of other kills in the entire game.
 E = Experience gained in this place as a percentage of experience gained in the entire game.
 F = Experience gained in this place divided by the number of levels of this place that you have seen.
                   A       B       C       D       E      F
               +-------+-------+-------+-------+-------+----------------------
         Total | 100.0 | 100.0 | 100.0 |   N/A | 100.0 |  59.0
       Dungeon | 100.0 | 100.0 | 100.0 |   N/A | 100.0 |  59.0
               +-------+-------+-------+-------+-------+----------------------

Vault maps used:
D:1:      sevenhm_arrival_forest_fort_small_5
D:2:      grunt_temple_overflow_octagram, first_ration,
          trog_three_pillars_becter
D:3:      serial_park_tiny_pond
D:5:      minmay_guarded_unrand_staff_of_olgreb
D:6:      portal_sewer_entry_e
